 Dungeon Crawl Stone Soup version 0.31.0-4-g52a2dc7128 (webtiles) character file.

Game seed: 17219367018888991267

4785 Gottschkopf the Reanimator (level 10, 0/39 (44) HPs)
             Began as a Vine Stalker Necromancer on Jan 21, 2024.
             Was a Priest of Ru.
             Splashed by a brown ugly thing's acid (7 damage)
             ... on level 9 of the Dungeon.
             The game lasted 00:39:07 (10383 turns).

Gottschkopf the Reanimator (VSNe)                  Turns: 10383, Time: 00:39:07

HP:   0/39 (44)     AC: -3    Str: 11    XL:     10   Next: 47%
MP:   0/22          EV: 14    Int: 19    God:    Ru [***...]
Gold: 520           SH:  0    Dex: 15    Spells: 6/24 levels left

rFire   . . .        L - staff of earth
rCold   . . .        (no shield)
rNeg    . . .        m - +2 robe {Will+}
rPois   .            z - +0 helmet
rElec   .            (no cloak)
rCorr   .            (no gloves)
SInv    .            (no boots)
Will    ++...        n - amulet of regeneration
Stlth   ++++         v - ring of wizardry
HPRegen 1.86/turn    h - ring of wizardry
MPRegen 0.18/turn

%: guardian spirit, wizardry (x2)
@: corroded, heavily drained
A: fangs 3, regeneration 1, screaming 1, magic shield, antimagic bite, no potion
heal 2, inability to use devices, inability to train armour
a: Renounce Religion, Draw Out Power


You were on level 9 of the Dungeon.
You worshipped Ru.
Ru was most pleased with you.
You visited 2 branches of the dungeon, and saw 10 of its levels.

You collected 610 gold pieces.
You spent 90 gold pieces at shops.

Inventory:

Hand Weapons
 i - a +2 spectral quarterstaff
 o - a +2 dagger of draining
 y - the +8 dagger of Impermanence {venom, rC+}
   (You found it on level 5 of the Dungeon)

   rC+:       It protects you from cold.
Missiles
 D - a throwing net
Armour
 m - a +2 robe of willpower (worn)
 z - a +0 helmet (worn)
Magical Staves
 j - a staff of air
 L - a staff of earth (weapon)
Jewellery
 f - a +6 ring of strength
 h - a ring of wizardry (right hand)
 n - an amulet of regeneration (around neck)
 v - a ring of wizardry (left hand)
 H - a ring of poison resistance
 J - an amulet of the acrobat
Scrolls
 a - 2 scrolls of poison {unknown}
 c - a scroll of enchant weapon {unknown}
 d - a scroll of fog {unknown}
 g - 3 scrolls of blinking {unknown}
 k - a scroll of revelation {unknown}
 r - 2 scrolls of immolation {unknown}
 t - 5 scrolls of teleportation {unknown}
 u - 5 scrolls of identify {unknown}
 w - a scroll of brand weapon {unknown}
 A - 2 scrolls of amnesia {unknown}
 C - 2 scrolls of fear {unknown}
 E - a scroll of silence {unknown}
 F - a scroll of noise {unknown}
 G - a scroll of summoning {unknown}
Potions
 b - 2 potions of magic
 e - 6 potions of curing
 l - 2 potions of enlightenment {unknown}
 p - 2 potions of heal wounds {unknown}
 q - a potion of attraction {unknown}
 s - 3 potions of brilliance {unknown}
 x - 2 potions of lignification {unknown}
 B - a potion of might {unknown}
 I - a potion of degeneration {unknown}
 K - a potion of berserk rage {unknown}


   Skills:
 + Level 4.9 Dodging
 - Level 7.2 Stealth
 + Level 7.6 Spellcasting
 * Level 5.2 Summonings
 - Level 8.9 Necromancy
 - Level 4.7 Earth Magic


You had 6 spell levels left.
You knew the following spells:

 Your Spells              Type           Power      Damage    Failure   Level
a - Stone Arrow           Conj/Erth      48%        3d10      3%          3
b - Vampiric Draining     Necr           41%        2d8       1%          3
c - Blink                 Tloc           14%        N/A       4%          2
d - Curse of Agony        Necr           41%        N/A       1%          5
e - Animate Dead          Necr           41%        N/A       1%          4
f - Necrotise             Necr           100%       1d9       1%          1

Your spell library contained the following spells:

 Spells                   Type           Power      Damage    Failure   Level
 Sandblast                Erth           76%        2d16      1%          1
 Call Imp                 Summ           54%        N/A       1%          2
 Fugue of the Fallen      Necr           41%        N/A       1%          3
 Passwall                 Erth           38%        N/A       1%          3
 Magic Dart               Conj           28%        1d4       2%          1
 Ensorcelled Hibernation  Hex/Ice        14%        N/A       4%          2
 Scorch                   Fire           14%        2d5       4%          2
 Anguish                  Hex/Necr       12%        N/A       4%          4
 Brom's Barrelling Bould  Conj/Erth      24%        2d5       10%         4
 Flame Wave               Conj/Fire      7%         2d5       24%         4
 Manifold Assault         Tloc           7%         N/A       24%         4
 Summon Cactus Giant      Summ           13%        N/A       38%         6
 Dispersal                Tloc           3%         N/A       96%         6
 Disjunction              Tloc           3%         N/A       100%        8


Dungeon Overview and Level Annotations

Branches:
Dungeon (9/15)             Temple (1/1) D:6             Orc (0/2) D:9
   Lair: D:8-11

Altars:
Ashenzari
Cheibriados
Dithmenos
Elyvilon
Fedhas
Gozag
Hepliaklqana
Kikubaaqudgha
Makhleb
Nemelex Xobeh
Okawaru
Qazlal
Ru
Sif Muna
Trog
Uskayaw
Vehumet
Wu Jian
Xom
Yredelemnul
Zin
The Shining One

Annotations:
Temple 2 transporters


Innate Abilities, Weirdness & Mutations

You have razor-sharp teeth.
Your natural rate of healing is unusually fast.
You occasionally shout uncontrollably at your foes.
When hurt, damage is shared between your health and your magic reserves.
Your bite disrupts and absorbs the magic of your enemies.
Potions cannot restore your health.
You cannot study or use magical devices.
You cannot train Armour skill.


Message History

Confirm with . or Enter, or press ? or * to list all spells.
You feel a surge of power!
The stone arrow hits the cyan ugly thing.
The cyan ugly thing is severely wounded.
The cyan ugly thing closely misses you.
The green ugly thing basks in the mutagenic energy from its kin and changes!
A cyan ugly thing comes into view.
You hit the cyan ugly thing. Your bite misses the cyan ugly thing.
The cyan ugly thing is severely wounded.
The cyan ugly thing basks in the mutagenic energy from its kin and changes!
You hit the brown ugly thing but do no damage.
You bite the brown ugly thing, but do no damage.
The brown ugly thing is severely wounded.
The brown ugly thing basks in the mutagenic energy from its kin and changes!
You barely miss the brown ugly thing.
The brown ugly thing gurgles horribly!
You bite the brown ugly thing. You drain its power.
You feel invigorated.
The brown ugly thing is severely wounded.
The brown ugly thing engulfs you! The acid corrodes you!
You are splashed with acid!
The green ugly thing basks in the mutagenic energy from its kin and changes!
You see here 3 stones.
The brown ugly thing attacks as it pursues you!
The brown ugly thing engulfs you.
You are splashed with acid!
The brown ugly thing attacks as it pursues you!
The brown ugly thing closely misses you.
The brown ugly thing engulfs you!
* * * LOW HITPOINT WARNING * * *
The acid corrodes you!
You are splashed with acid!
* * * LOW HITPOINT WARNING * * *
You hit the brown ugly thing but do no damage.
Your bite misses the brown ugly thing.
The brown ugly thing is severely wounded.
The brown ugly thing barely misses you.
You are too injured to fight recklessly!
The brown ugly thing attacks as it pursues you!
The brown ugly thing engulfs you.
* * * LOW HITPOINT WARNING * * *
You are splashed with acid!
You die...

.#._.#....#.....##.##.##..##.....
.......#..########.##.##..##.###.
..#.#.....# #.##............
#.....#...# #........#######
..#.#....## ##########.#
........## #.......##.# .......##
#.#####.##.# ######## #.#
#.##.####### ###@#####.##.......#
#.u....##.##.#####.#
#.#.##[##.##.###....
#u#.##.##.#...##.#.# .
#.#.##..........>#.# #
#######.#.......#...####.#
#uuu..u.....######.## #.#
##u#####.###.# #.#####.# #.o.#
#.###.# #.......#


You could see 2 ugly things.

Vanquished Creatures
  A manticore (D:9)
  A troll (D:9)
  Sigmund (D:2)
  A wyvern (D:8)
  An acid dragon (D:9)
  A water moccasin (D:6)
  2 orc warriors
  2 ice beasts
  A sky beast (D:8)
  2 ogres (D:6)
  4 centaurs
  2 kobold brigands
  2 bullfrogs
  6 wights
  3 scorpions
  6 killer bees (D:9)
  A bombardier beetle (D:7)
  5 hounds
  2 gnoll boudas
  7 orc priests
  4 jellies
  3 iguanas
  A sleepcap (D:6)
  Jessica (D:3)
  Terence (D:3)
  11 orc wizards
  13 adders
  7 gnolls
  2 white imps
  2 ufetubi (D:6)
  A ribbon worm (D:5)
  19 orcs
  8 ball pythons
  3 bats
  5 endoplasms
  3 giant cockroaches (D:1)
  4 goblins
  8 hobgoblins
  4 quokkas
  14 kobolds
  6 rats
171 creatures vanquished.

Vanquished Creatures (collateral kills)
  An orc wizard (D:3)
  2 gnolls (D:6)
  A dart slug (D:1)
  2 orcs
  An endoplasm (D:4)
  A rat (D:2)
8 creatures vanquished.

Vanquished Creatures (others)
  Joseph (D:9)
  A water moccasin (D:8)
2 creatures vanquished.

Grand Total: 181 creatures vanquished

Notes
Turn   | Place    | Note
-------+----------+-------------------------------------------
     0 | D:1      | Gottschkopf the Vine Stalker Necromancer began the quest
                  | for the Orb.
     0 | D:1      | Reached XP level 1. HP: 9/9 MP: 4/4
   163 | D:1      | Reached XP level 2. HP: 13/13 MP: 1/6
   865 | D:1      | Reached XP level 3. HP: 16/16 MP: 2/8
  1351 | D:2      | Found a sacrificial altar of Ru.
  1357 | D:2      | Became a worshipper of Ru the Awakened
  1871 | D:2      | Noticed Sigmund
  1886 | D:2      | Killed Sigmund
  1887 | D:2      | Reached skill level 6 in Necromancy
  1887 | D:2      | Reached XP level 4. HP: 2/21 MP: 3/10
  1887 | D:2      | Reached XP level 5. HP: 3/24 MP: 3/11
  2170 | D:3      | Reached XP level 6. HP: 28/28 MP: 1/13
  2341 | D:3      | Noticed Jessica
  2352 | D:3      | Killed Jessica
  2428 | D:3      | Found an iron altar of Okawaru.
  2467 | D:3      | Gained mutation: You cannot study or use magical devices.
                  | [Ru sacrifice]
  2467 | D:3      | Reached * piety under Ru
  2467 | D:3      | Reached ** piety under Ru
  2526 | D:3      | Found Zin's Purification Station.
  2529 | D:3      | Found a glowing silver altar of Zin.
  2532 | D:3      | Bought a potion of curing for 90 gold pieces
  2888 | D:3      | Learned a level 3 spell: Vampiric Draining
  2950 | D:3      | Noticed Terence
  2958 | D:3      | Killed Terence
  3253 | D:3      | Found a broken altar of Ashenzari.
  3450 | D:4      | Reached XP level 7. HP: 30/32 MP: 1/14
  3591 | D:4      | Found a transporter.
  3592 | D:4      | Found a burning altar of Makhleb.
  3605 | D:4      | Reached skill level 7 in Necromancy
  3628 | D:4      | Found a transporter.
  3635 | D:4      | Learned a level 2 spell: Blink
  3641 | D:4      | Learned a level 5 spell: Curse of Agony
  3922 | D:4      | Reached skill level 5 in Spellcasting
  4111 | D:5      | Entered Level 5 of the Dungeon
  4249 | D:5      | Learned a level 4 spell: Animate Dead
  4289 | D:5      | Reached skill level 8 in Necromancy
  4289 | D:5      | Gained mutation: You have razor-sharp teeth. [Vine Stalker
                  | growth]
  4289 | D:5      | Reached XP level 8. HP: 23/36 MP: 1/16
  4748 | D:5      | Identified the +8 dagger of Impermanence {venom, rC+}
  4820 | D:5      | Found a sparkling altar of Nemelex Xobeh.
  5072 | D:6      | Found a shimmering blue altar of Sif Muna.
  5097 | D:6      | Gained mutation: You cannot train Armour skill. [Ru
                  | sacrifice]
  5097 | D:6      | Reached *** piety under Ru
  5106 | D:6      | Reached skill level 5 in Stealth
  5369 | D:6      | Reached skill level 1 in Earth Magic
  5617 | D:6      | Learned a level 3 spell: Stone Arrow
  5677 | D:6      | Reached XP level 9. HP: 39/39 MP: 14/19
  6649 | D:6      | Found a staircase to the Ecumenical Temple.
  6656 | Temple   | Found a transporter.
  6656 | Temple   | Found a transporter.
  6656 | Temple   | Found a transporter.
  6656 | Temple   | Found a transporter.
  6656 | Temple   | Entered the Ecumenical Temple
  8081 | D:8      | Gained mutation: You occasionally shout uncontrollably at
                  | your foes. [Ru sacrifice]
  8771 | D:8      | Reached skill level 1 in Summonings
  8937 | D:8      | Found a shadowy altar of Dithmenos.
  8937 | D:8      | Found an ornate altar of the Wu Jian Council.
  9204 | D:9      | Reached XP level 10. HP: 38/44 MP: 3/21
  9452 | D:9      | Found a radiant altar of Vehumet.
  9458 | D:9      | Found a staircase to the Orcish Mines.
  9687 | D:9      | Noticed a manticore
  9697 | D:9      | Killed a manticore
  9797 | D:9      | Noticed Joseph
  9803 | D:9      | Killed Joseph
 10141 | D:9      | Reached skill level 5 in Summonings
 10358 | D:9      | Noticed a purple ugly thing
 10360 | D:9      | Noticed a green ugly thing
 10361 | D:9      | Noticed a green ugly thing
 10364 | D:9      | Noticed a brown ugly thing
 10372 | D:9      | Noticed a cyan ugly thing
 10383 | D:9      | Splashed by a brown ugly thing's acid

Illustrated notes

Levels and vault maps discovered:
D:1:      lemuel_arrival_rhombus, layout_loops_corners
D:2:      layout_basic, basic_altar, eino_tiny_chamber, chequers_jeans,
          nicolae_titane, uniq_sigmund
D:3:      layout_basic, zin_purify, marbit_many_paths, okawaru_trees_1,
          uniq_jessica, uniq_terence
D:4:      layout_loops_ring, gammafunk_temple_overflow_arena
D:5:      layout_rooms, nemelex_spade_bored_becter
D:6:      cheibrodos_fzero, layout_gridville, mainiacjoe_overflow_24_doors,
          minmay_temple_entry_nine_rooms, minmay_splitting_lines
D:7:      layout_basic
D:8:      layout_gridville, gammafunk_temple_overflow_wave,
          kennysheep_generic_room_8
D:9:      minmay_blocky_corners, layout_loops_corners, nicolae_vehumet_radiance,
          orc_0_dummy, uniq_joseph
Temple:   hellmonk_temple_divided_pantheon

Skill      XL: |  1  2  3  4  5  6  7  8  9 10 |
---------------+-------------------------------+-----
Spellcasting   | 3 4 5 6 7 |  7.6
Necromancy     | 6 8 |  8.9
Stealth        | 4 6 7 |  7.2
Dodging        | 2 4 |  4.9
Earth Magic    | 1 4 |  4.7
Summonings     | 2 5 |  5.2

Action                     |  1- 3 |  4- 6 |  7- 9 | 10-12 || total
---------------------------+-------+-------+-------+-------++-------
  Melee: Unarmed           |     2 |       |       |       ||     2
         Dagger            |     7 |    36 |    73 |    28 ||   144
         Bite              |     6 |     6 |    21 |     8 ||    41
         Quarterstaff      |     4 |     5 |       |       ||     9
         Punch             |       |     1 |       |       ||     1
         Staff             |       |       |       |     4 ||     4
   Cast: Necrotise         |    52 |    60 |   167 |       ||   279
         Stone Arrow       |       |       |    58 |    35 ||    93
         Animate Dead      |       |       |     1 |       ||     1
 Invoke: Sacrifice Artific |       |     1 |       |       ||     1
         Sacrifice Durabil |       |       |     1 |       ||     1
         Sacrifice Purity  |       |       |     1 |       ||     1
   Stab: Sleeping          |       |     4 |       |       ||     4
         Distracted        |       |       |     1 |       ||     1
         Invisible         |       |       |     1 |     1 ||     2
 Armour: Robe              |    14 |    29 |   134 |    34 ||   211
  Dodge: Dodged            |    15 |    36 |   121 |    41 ||   213
